 Dungeon Crawl Stone Soup version 0.24.0-123-gd5b16e6ec5 (webtiles) character file.

Game seed: 14156802568368857015, levelgen mode: deterministic

54292 Peloso the Peltast (level 14, -12/129 HPs)
             Began as a Minotaur Fighter on Feb 6, 2020.
             Was the Champion of Okawaru.
             Mangled by a titan zombie (23 damage)
             ... on level 13 of the Dungeon.
             The game lasted 00:43:30 (21561 turns).

Peloso the Peltast (Minotaur Fighter)              Turns: 21561, Time: 00:43:31

Health: -12/129    AC: 19    Str: 27    XL:     14   Next: 34%
Magic:  14/14      EV: 10    Int:  5    God:    Okawaru [******]
Gold:   1611       SH: 17    Dex: 12    Spells: 13/13 levels left

rFire    . . .     SeeInvis .   a - +3 scimitar (elec)
rCold    + . .     Gourm    .   U - +2 shield {rC+}
rNeg     . . .     Faith    .   J - +0 plate armour
rPois    .         Spirit   .   t - +0 hat {MR+}
rElec    .         Reflect  .   N - scarf {repulsion}
rCorr    .         Harm     .   w - +0 pair of gloves
MR       +++..                  n - +0 pair of boots
Stlth    ..........             (no amulet)
HPRegen  0.31/turn              R - ring of protection from magic
MPRegen  0.14/turn              I - +3 ring of strength

@: repel missiles
A: retaliatory headbutt, horns 2
a: Heroism, Finesse, Renounce Religion


You were on level 13 of the Dungeon.
You worshipped Okawaru.
Okawaru was exalted by your worship.
You were not hungry.

You visited 3 branches of the dungeon, and saw 18 of its levels.
You also visited: Sewer.

You collected 1710 gold pieces.
You spent 99 gold pieces at shops.

Inventory:

Hand Weapons
 a - a +3 scimitar of electrocution (weapon)
 b - a +2 hand axe of flaming
Armour
 n - a +0 pair of boots (worn)
 t - a +0 hat of magic resistance (worn)
 w - a +0 pair of gloves (worn)
 J - a +0 plate armour (worn)
 N - a scarf of repulsion (worn)
 U - a +2 shield of cold resistance (worn)
Jewellery
 q - an uncursed ring of ice
 x - an uncursed ring of resist corrosion
 z - an uncursed ring of flight
 I - a +3 ring of strength (right hand)
 L - a cursed amulet of inaccuracy {unknown}
 Q - an uncursed ring of protection from cold
 R - a ring of protection from magic (left hand)
 S - the ring of the Mage {Wiz MR++ Int+3}
   (You found it on level 1 of the Lair of Beasts)

   [ring of wizardry]

   It improves your spell success rate.
   It affects your intelligence (+3).
   It affects your resistance to hostile enchantments.
 T - an uncursed amulet of rage
Wands
 e - a wand of digging (10)
 G - a wand of flame (59)
 K - a wand of disintegration (2)
 V - a wand of polymorph (10)
Scrolls
 g - 8 scrolls of remove curse
 i - 6 scrolls of identify
 j - 3 scrolls of noise
 k - 2 scrolls of acquirement
 l - 2 scrolls of magic mapping
 o - 13 scrolls of teleportation {unknown}
 u - 2 scrolls of enchant weapon
 v - 4 scrolls of amnesia
 y - 4 scrolls of fog {unknown}
 A - 5 scrolls of fear {unknown}
 D - 2 scrolls of blinking
 E - 2 scrolls of enchant armour
 F - 2 scrolls of summoning
 P - a scroll of silence
Potions
 c - 2 potions of cancellation
 d - 2 potions of might
 h - 2 potions of invisibility
 m - 10 potions of curing
 p - a potion of agility
 r - a potion of heal wounds
 s - a potion of haste
 B - 2 potions of magic
 C - a potion of brilliance
 O - 2 potions of flight
 W - a potion of ambrosia {unknown}
Miscellaneous
 M - a lightning rod (4/4)
Comestibles
 f - 34 rations
 H - 6 chunks of flesh


   Skills:
 + Level 13.0 Fighting
 + Level 15.2 Long Blades
 + Level 1.2 Axes
 + Level 14.0 Armour
 + Level 4.5 Dodging
 + Level 1.6 Stealth
 + Level 15.9 Shields
 + Level 2.3 Invocations
 + Level 1.0 Evocations


You had 13 spell levels left.
You didn't know any spells.
Your spell library contained the following spells:

 Spells                   Type           Power        Failure   Level  Hunger
 Beastly Appendage        Tmut           #.....       98%         1    ##.....
 Sandblast                Erth           #.....       98%         1    ##.....
 Passwall                 Tmut/Erth      #.......     99%         2    ###....
 Sticks to Snakes         Tmut           #.......     99%         2    ###....
 Spider Form              Tmut/Pois      #.........   100%        3    ####...
 Stone Arrow              Conj/Erth      #.....       100%        3    ####...
 Ice Form                 Ice/Tmut       #.......     100%        4    #####..
 Petrify                  Tmut/Erth      #.......     100%        4    #####..
 Blade Hands              Tmut           #.........   100%        5    ######.
 Lee's Rapid Deconstruct  Erth           #.........   100%        5    ######.
 Haunt                    Necr/Summ      #.........   100%        7    #######
 Borgnjor's Revivificati  Necr           #.........   100%        8    #######
 Death's Door             Chrm/Necr      #.........   100%        8    #######
 Infestation              Necr           #.........   100%        8    #######
 Necromutation            Tmut/Necr      #.........   100%        8    #######


Dungeon Overview and Level Annotations

Branches:
Dungeon (13/15)            Temple (1/1) D:5            Lair (4/6) D:8
 Shoals (0/4) Lair:4        Snake (0/4) Lair:3          Orc (0/2) D:12
  Sewer (visited)
 Vaults: D:13-14

Altars:
Ashenzari
Cheibriados
Dithmenos
Elyvilon
Fedhas
Gozag
Hepliaklqana
Makhleb
Nemelex Xobeh
Okawaru
Qazlal
Ru
Trog
Wu Jian
Xom
Yredelemnul
Zin
The Shining One

Shops:
D:6 !   D:8 (

Annotations:
Lair:4 1 runed translucent door, Thomus's ghost, journeyman DECj


Innate Abilities, Weirdness & Mutations

You reflexively headbutt those who attack you in melee.
You have a pair of horns on your head.


Message History

You block the titan zombie's attack.
You hit the titan zombie but do no damage.
Lightning courses through the titan zombie!
The titan zombie is lightly damaged.
You hit the titan zombie but do no damage.
Lightning courses through the titan zombie!
The titan zombie is moderately damaged.
The titan zombie hits you!!
* * * LOW HITPOINT WARNING * * *
You hit the titan zombie. You headbutt the titan zombie.
The titan zombie is moderately damaged.
The titan zombie hits you.
* * * LOW HITPOINT WARNING * * *
You slash the titan zombie!
Lightning courses through the titan zombie!!
The titan zombie is heavily damaged.
You hit the titan zombie. You headbutt the titan zombie.
The titan zombie is heavily damaged.
The titan zombie hits you!!
You die...

#....##.# ###'##(##
#..(.#### #.....).#
#....### #.......#
#.####.### #.......#
#..##..#.# #.......#
#........# #.......#
#.......## #.[.....#
#......#####.......#
#.......#(ZZ@......#
#......##(Z#.......#
##....#### #......<#
#..### #########
####


You could see a cyclops zombie and 2 titan zombies.

Vanquished Creatures
  Kirke (D:13)
  A stone giant (D:13)
  An ettin (D:13)
  Fannar (Lair:2)
  A fire dragon (D:13)
  2 hydras (Lair:2)
  A death knight (D:13)
  2 two-headed ogres
  A tengu warrior (D:13)
  Nergalle (Lair:4)
  An unseen horror (D:12)
  A necromancer (Lair:4)
  An ugly thing (D:13)
  A deep elf mage (D:13)
  A stone giant zombie (D:13)
  12 cyclopes
  A manticore (D:12)
  3 black mambas
  9 elephants (Lair:3)
  Maurice (D:9)
  11 spiny frogs
  Psyche (D:12)
  A kobold demonologist (D:12)
  2 komodo dragons
  2 freezing wraiths (D:13)
  2 rime drakes (Lair:3)
  A tengu conjurer (D:13)
  4 trolls
  A queen bee (shapeshifter) (D:13)
  A queen bee (Lair:3)
  A polar bear (Lair:3)
  Prince Ribbit (D:5)
  A hornet (D:12)
  17 blink frogs
  5 slime creatures (D:12)
  9 hippogriffs
  3 shadows
  A water elemental (D:12)
  Sigmund (D:6)
  2 wyverns
  A wraith (D:13)
  2 hungry ghosts
  20 yaks
  3 vampire mosquitoes (D:12)
  A basilisk (D:8)
  7 hogs (D:13)
  Menkaure (D:6)
  Edmund (D:6)
  5 wargs (D:13)
  A soldier ant (D:13)
  An acid dragon (D:13)
  8 water moccasins
  14 porcupines
  9 orc warriors
  Duvessa (D:5)
  2 ice beasts
  A sky beast (D:7)
  8 ogres
  2 black bears
  2 elephant zombies (Lair:4)
  3 necrophages
  3 phantoms
  8 wolves
  8 crocodiles
  A centaur (D:8)
  4 big kobolds
  A komodo dragon zombie (Lair:4)
  23 bullfrogs
  A water moccasin zombie (D:8)
  Dowan (D:5)
  A wyvern skeleton (D:13)
  4 scorpions
  41 killer bees
  3 howler monkeys
  21 wights
  2 electric eels
  10 crimson imps
  3 bullfrog zombies
  4 jellies
  A quasit (D:8)
  A basilisk zombie (Lair:4)
  6 hounds
  7 orc priests
  2 bullfrog skeletons (D:9)
  14 orc wizards
  3 centaur skeletons
  Natasha (thrice) (D:3)
  4 iguanas
  13 worker ants
  A crocodile zombie (Lair:4)
  2 hound skeletons
  25 adders
  3 gnolls (D:8)
  3 shadow imps
  7 oozes
  An adder zombie (D:8)
  An adder skeleton (D:8)
  2 worms
  2 dart slugs
  9 leopard geckos
  46 orcs
  4 ball pythons
  3 bats
  13 giant cockroaches
  5 hobgoblins
  8 jackals
  24 kobolds
  7 quokkas
  12 frilled lizards
  11 goblins
  A leopard gecko skeleton (D:5)
  2 quokka skeletons
  10 rats
  A fungus (Lair:4)
599 creatures vanquished.

Vanquished Creatures (others)
  3 fungi
  7 plants
10 creatures vanquished.

Grand Total: 609 creatures vanquished

Notes
Turn   | Place    | Note
-------+----------+-------------------------------------------
     0 | D:1      | Peloso the Minotaur Fighter began the quest for the Orb.
     0 | D:1      | Reached XP level 1. HP: 19/19 MP: 0/0
   136 | D:1      | Reached XP level 2. HP: 27/27 MP: 1/1
   672 | D:1      | Reached XP level 3. HP: 33/33 MP: 2/2
  1190 | D:2      | Reached XP level 4. HP: 27/41 MP: 3/3
  1437 | D:3      | Found a shimmering altar of Xom.
  1439 | D:3      | Found an iron altar of Okawaru.
  1439 | D:3      | Found an ornate altar of the Wu Jian Council.
  1441 | D:3      | Found a glowing golden altar of the Shining One.
  1441 | D:3      | Found a stormy altar of Qazlal.
  1441 | D:3      | Found a shimmering altar of Xom.
  1651 | D:3      | Found a stormy altar of Qazlal.
  1651 | D:3      | Noticed an earth elemental
  1851 | D:3      | Found a sacrificial altar of Ru.
  1932 | D:3      | Noticed Natasha
  1943 | D:3      | Killed Natasha
  1943 | D:3      | Reached skill level 1 in Dodging
  1946 | D:3      | Found a bloodstained altar of Trog.
  1947 | D:3      | Found an opulent altar of Gozag.
  1947 | D:3      | Found a hazy altar of Hepliaklqana.
  1979 | D:3      | Noticed an air elemental
  1985 | D:3      | Reached XP level 5. HP: 31/47 MP: 4/4
  1986 | D:3      | Noticed a water elemental
  1989 | D:3      | Noticed a fire elemental
  2018 | D:3      | Noticed Natasha
  2024 | D:3      | Killed Natasha
  2240 | D:3      | Noticed Natasha
  2245 | D:3      | Killed Natasha
  2488 | D:4      | Reached skill level 5 in Fighting
  2539 | D:4      | Reached skill level 5 in Armour
  2573 | D:4      | Reached XP level 6. HP: 27/56 MP: 5/5
  3287 | D:4      | Reached skill level 5 in Shields
  3743 | D:5      | Entered Level 5 of the Dungeon
  3809 | D:5      | Found a staircase to the Ecumenical Temple.
  3817 | Temple   | Entered the Ecumenical Temple
  3915 | Temple   | Became a worshipper of Warmaster Okawaru
  3955 | D:5      | Found a glowing drain.
  3963 | D:5      | Reached XP level 7. HP: 61/61 MP: 6/6
  3981 | Sewer    | Entered a sewer
  4689 | D:5      | Reached skill level 5 in Long Blades
  4892 | D:5      | Noticed Duvessa
  4895 | D:5      | Noticed Dowan
  4899 | D:5      | Killed Duvessa
  4899 | D:5      | Reached * piety under Okawaru
  4908 | D:5      | Killed Dowan
  5250 | D:5      | Noticed Prince Ribbit
  5271 | D:5      | HP: 3/63 [Prince Ribbit (6)]
  5281 | D:5      | Killed Prince Ribbit
  5281 | D:5      | Reached XP level 8. HP: 33/71 MP: 5/7
  5636 | D:6      | Found Duugi's Distillery.
  5654 | D:6      | Reached ** piety under Okawaru
  5685 | D:6      | Bought a potion of mutation for 88 gold pieces
  5685 | D:6      | Bought a potion of degeneration for 11 gold pieces
  5755 | D:6      | Noticed Sigmund
  5769 | D:6      | Killed Sigmund
  6175 | D:6      | Noticed Menkaure
  6177 | D:6      | Found a shattered altar of Ashenzari.
  6185 | D:6      | Killed Menkaure
  6347 | D:6      | Noticed Edmund
  6357 | D:6      | Killed Edmund
  6357 | D:6      | Reached XP level 9. HP: 74/79 MP: 8/8
  7312 | D:7      | Found a shadowy altar of Dithmenos.
  7500 | D:7      | Reached skill level 1 in Invocations
  7834 | D:8      | Reached *** piety under Okawaru
  7900 | D:8      | Found Fevu's Weapon Boutique.
  7904 | D:8      | Found a blossoming altar of Fedhas.
  8047 | D:8      | Reached skill level 10 in Long Blades
  8054 | D:8      | Reached XP level 10. HP: 25/88 MP: 6/9
  8059 | D:8      | Reached **** piety under Okawaru
  8428 | D:8      | Found a staircase to the Lair.
  8919 | D:8      | Found a white marble altar of Elyvilon.
  9134 | D:9      | Noticed Maurice
  9170 | D:9      | Killed Maurice
  9191 | D:9      | Got a steaming ring mail
  9467 | D:9      | Identified the +1 ring mail of Terch {Dex+2} (You found it
                  | on level 9 of the Dungeon)
  9539 | D:9      | Got a twisted dagger
  9540 | D:9      | Identified the +5 dagger "Tadiutzaze" {antimagic, *Slow rC-
                  | rN+++ Dex+8} (You found it on level 9 of the Dungeon)
  9829 | D:9      | Found an ornate altar of the Wu Jian Council.
 10225 | D:10     | Entered Level 10 of the Dungeon
 10300 | D:10     | Reached skill level 10 in Shields
 10381 | D:10     | Found Bifoasej's General Store.
 10400 | D:10     | Reached ***** piety under Okawaru
 10414 | D:10     | Reached skill level 10 in Armour
 10416 | D:10     | Reached skill level 1 in Stealth
 10717 | D:10     | Reached XP level 11. HP: 86/97 MP: 10/10
 11077 | D:10     | Received a gift from Okawaru
 12044 | D:11     | Noticed a two-headed ogre
 12052 | D:11     | Killed a two-headed ogre
 12452 | Lair:1   | Entered Level 1 of the Lair of Beasts
 12499 | Lair:1   | Found the ring of the Mage {Wiz MR++ Int+3}
 12901 | Lair:1   | Received a gift from Okawaru
 13499 | Lair:2   | Reached XP level 12. HP: 65/106 MP: 11/11
 13626 | Lair:2   | Noticed a five-headed hydra
 13634 | Lair:2   | Killed a two-headed hydra
 13634 | Lair:2   | Reached skill level 10 in Fighting
 13650 | Lair:2   | Noticed Fannar
 13678 | Lair:2   | Killed Fannar
 14017 | Lair:2   | Noticed a five-headed hydra
 14026 | Lair:2   | Killed a one-headed hydra
 14949 | Lair:3   | Found a staircase to the Snake Pit.
 14962 | Lair:3   | Reached skill level 1 in Axes
 14982 | Lair:3   | Reached ****** piety under Okawaru
 15751 | Lair:3   | Received a gift from Okawaru
 16186 | Lair:3   | Reached XP level 13. HP: 99/116 MP: 12/12
 16398 | Lair:4   | Noticed Nergalle
 16411 | Lair:4   | Killed Nergalle
 16464 | Lair:4   | Identified a scroll of acquirement
 16529 | Lair:4   | Found a staircase to the Shoals.
 17254 | Lair:4   | Found a runed translucent door.
 17254 | Lair:4   | Found a shimmering altar of Xom.
 17254 | Lair:4   | Noticed Thomus's ghost (journeyman DECj)
 17254 | Lair:4   | Identified the +1 double sword of the Four Blessings
                  | {chaos, *Drain rC++ Str+4}
 18469 | D:12     | Noticed Psyche
 18474 | D:12     | Killed Psyche
 18575 | D:12     | Received a gift from Okawaru
 18576 | D:12     | Found the +5 robe of Night {Dark MR+ SInv}
 19168 | D:12     | Found a staircase to the Orcish Mines.
 19333 | D:12     | Reached skill level 15 in Shields
 20045 | D:13     | Noticed Kirke
 20411 | D:13     | Killed Kirke
 20411 | D:13     | Reached XP level 14. HP: 127/127 MP: 5/14
 20488 | D:13     | Reached skill level 15 in Long Blades
 20620 | D:13     | Reached skill level 1 in Evocations
 21487 | D:13     | Noticed a stone giant
 21492 | D:13     | Received a gift from Okawaru
 21507 | D:13     | Killed a stone giant
 21561 | D:13     | Mangled by a titan zombie

Levels and vault maps discovered:
D:1:      minmay_arrival_semitransparent, layout_loops_ring,
          kennysheep_small_spiral, st_stairs_7
D:2:      layout_loops_cross
D:3:      layout_basic, nicolae_ru_path_of_blood, doesnt_xom_only_xom,
          chequers_temple_overflow_statue_of_worship,
          nicolae_qazlal_style_of_elements, uniq_natasha
D:4:      layout_loops_ring, first_ration
D:5:      layout_basic, minmay_temple_entry_sparse_star, portal_sewer_entry_f,
          uniq_duvessa, uniq_prince_ribbit1
D:6:      layout_layer_cave, ashenzari_conservatory_becter, serial_shops,
          nicolae_shop_crystal, uniq_edmund, uniq_sigmund, uniq_menkaure
D:7:      minmay_polygon_palace, layout_basic,
          nicolae_dithmenos_through_a_glass_darkly
D:8:      layout_cave_pods, lemuel_crystal_altar, minmay_lair_entry_grove,
          serial_shops, shop, hangedman_little_slice_of_home, elyvilon_altar_5
D:9:      layout_basic, basic_altar, interstate_on_off, minivault_19,
          uniq_maurice
D:10:     layout_cave_pods, serial_shops, shop
D:11:     layout_layer_cave
D:12:     layout_basic, erik_orc_2, uniq_psyche
D:13:     giant_chief_lemuel, layout_basic, uniq_kirke
Temple:   dpeg_chambers_temple
Lair:1:   layout_regular_city, grunt_megastairs_5
Lair:2:   layout_loops_ring, uniq_fannar
Lair:3:   layout_cave_pods, minmay_snake_entry_six_corridors, special_room
          [special_room_bee]
Lair:4:   pond_and_an_island_with_a_cottage, layout_cave_pods,
          elwin_shoals_entry_rocks, ebering_ghost_xom,
          infiniplex_staircase_pool, uniq_nergalle

Skill      XL: |  1  2  3  4  5  6  7  8  9 10 11 12 13 14 |
---------------+-------------------------------------------+-----
Armour         | 4 5 6 7 9 10 11 12 13 14 | 14.0
Fighting       | 4 5 6 7 9 11 12 13 | 13.0
Shields        | 4 5 6 8 10 12 14 15 | 15.9
Long Blades    | 3 4 6 8 10 11 12 14 15 | 15.2
Dodging        | 1 2 3 4 |  4.5
Invocations    | 1 2 |  2.3
Stealth        | 1 |  1.6
Axes           | 1 |  1.2
Evocations     | 1 |  1.0

Action                   |  1- 3 |  4- 6 |  7- 9 | 10-12 | 13-15 || total
-------------------------+-------+-------+-------+-------+-------++-------
Melee: Long sword        |   102 |   138 |   420 |   338 |       ||   998
       Headbutt          |     7 |    36 |    97 |   178 |   150 ||   468
       Scimitar          |       |       |       |   433 |   554 ||   987
       Hand axe          |       |       |       |    12 |       ||    12
Invok: Heroism           |       |       |     3 |     7 |     8 ||    18
       Finesse           |       |       |       |       |     1 ||     1
Evoke: Wand              |       |       |     1 |       |    10 ||    11
  Use: Potion            |     3 |       |     2 |     1 |     1 ||     7
       Scroll            |       |     6 |       |     9 |     4 ||    19
  Eat: Chunk             |       |     9 |    14 |    20 |    15 ||    58
       Ration            |       |       |       |     2 |     1 ||     3
Armor: Scale mail        |    50 |    10 |       |       |       ||    60
       Chain mail        |       |    37 |   154 |       |       ||   191
       Plate armour      |       |       |   110 |   396 |   156 ||   662
Dodge: Dodged            |    22 |    40 |   102 |   244 |   108 ||   516
       Deflected         |       |       |       |       |     8 ||     8
Block: Shield            |    50 |    82 |   257 |   607 |   417 ||  1413
       Rpst.: Long sword |     4 |    12 |    30 |    23 |       ||    69
       Scimitar          |       |       |       |    33 |    32 ||    65
